Anaheim Ducks vs Tampa Bay Lightning
(R1)
Created - Monday, June 10, 2024 at 08:00
Goals
|
| Anaheim Ducks |
0 |
0 |
3 |
0 |
3 |
| Tampa Bay Lightning |
0 |
3 |
0 |
1 |
4 |
|
Shots
|
| Anaheim Ducks |
9 |
8 |
16 |
0 |
33 |
| Tampa Bay Lightning |
9 |
10 |
13 |
2 |
34 |
|
1st period
No Goal
Penalties :
John Tavares (ANA) for Tripping (Minor) at 8:43, Josh Manson (ANA) for Hooking (Minor) at 19:31
2nd period
1. Tampa Bay Lightning , Johnny Gaudreau 1 (Kirill Kaprizov 2, Anze Kopitar 1) at 4:37
2. Tampa Bay Lightning , Roope Hintz 2 (Kirill Kaprizov 3, Anze Kopitar 2) at 12:00 (PP)
3. Tampa Bay Lightning , Tyler Toffoli 1 (Hampus Lindholm 2, Michael Matheson 1) at 18:07
Penalties :
Max Domi (ANA) for Boarding (Minor) at 8:59, Mason Marchment (ANA) for High sticking (Minor) at 11:53, Michael Matheson (TBL) for Cross-checking (Minor) at 12:24, Travis Konecny (TBL) for Holding (Minor) at 19:39
3rd period
4. Anaheim Ducks , John Tavares 2 (William Nylander 3) at 6:58
5. Anaheim Ducks , William Nylander 1 (John Tavares 2) at 8:26 (PP)
6. Anaheim Ducks , Mark Scheifele 2 (John Tavares 3, William Nylander 4) at 11:33
Penalties :
Trevor Moore (TBL) for High sticking (Minor) at 8:02, Johnny Gaudreau (TBL) for Holding (Minor) at 14:27, Joshua Morrissey (ANA) for Hooking (Minor) at 16:44
Overtime #1
7. Tampa Bay Lightning , Anze Kopitar 1 (Roope Hintz 1, Filip Gustavsson) at 2:18 (PP)
Penalties :
Brayden Schenn (ANA) for Hooking (Minor) at 0:59
Goalie Stats
Linus Ullmark (ANA), 30 saves from 34 shots - (0.882), OTL, 2-0-1, 62:18 minutes
Filip Gustavsson (TBL), 30 saves from 33 shots - (0.909), W, 1-2-0, 62:18 minutes
Players Stats for Anaheim Ducks
Player Name G A P +/- PIM S H SB GA TA FO MP PP MP PK MP
------------------------------------------------------------------------------------
Alex Killorn 0 0 0 -1 0 4 0 1 3 0 0/1 14:43 0:00 5:54
Brayden Schenn 0 0 0 0 2 4 0 0 0 0 1/1 16:20 2:29 0:00
Brenden Dillon 0 0 0 0 0 2 0 2 0 0 0/0 20:11 0:00 4:56
Calle Jarnkrok 0 0 0 -1 0 0 1 0 0 1 0/1 8:33 0:00 0:00
Chandler Stephenson 0 0 0 0 0 1 3 1 0 0 10/14 19:52 2:29 3:27
Esa Lindell 0 0 0 0 0 1 2 1 0 0 0/0 22:54 2:26 4:44
Ivan Provorov 0 0 0 0 0 0 1 1 0 0 0/0 22:46 0:00 5:34
J.T. Compher 0 0 0 -1 0 1 2 1 0 0 8/17 14:27 0:00 5:54
John Tavares 1 2 3 2 2 5 1 0 0 0 16/26 18:35 3:52 0:00
Josh Manson 0 0 0 0 2 1 2 2 0 1 0/0 19:30 2:26 3:28
Joshua Morrissey 0 0 0 0 2 0 1 0 1 1 0/0 20:55 3:55 0:00
Mark Scheifele 1 0 1 2 0 1 1 2 0 0 1/1 18:48 3:52 0:00
Mason Marchment 0 0 0 -1 2 2 3 0 0 2 0/0 8:32 0:00 0:00
Max Domi 0 0 0 0 2 1 2 0 0 0 0/1 16:26 2:29 0:00
Morgan Rielly 0 0 0 0 0 2 2 2 0 1 0/0 18:50 3:55 0:00
Nazem Kadri 0 0 0 -1 0 2 3 0 0 0 4/7 8:49 0:00 0:00
Teuvo Teravainen 0 0 0 -1 0 1 0 0 0 1 0/0 12:57 0:00 3:27
William Nylander 1 2 3 2 0 5 0 1 0 1 1/2 18:55 3:52 0:00
Players Stats for Tampa Bay Lightning
Player Name G A P +/- PIM S H SB GA TA FO MP PP MP PK MP
------------------------------------------------------------------------------------
Anze Kopitar 1 2 3 0 0 1 2 1 2 2 15/32 24:14 5:14 0:20
Blake Lizotte 0 0 0 0 0 0 0 0 0 0 0/0 0:06 0:00 0:00
Darnell Nurse 0 0 0 0 0 3 3 0 0 0 0/0 27:40 5:10 3:14
Dylan Cozens 0 0 0 0 0 1 2 0 1 0 3/6 17:59 0:00 2:58
Gustav Nyquist 0 0 0 0 0 0 0 0 0 0 0/1 11:58 0:00 3:14
Hampus Lindholm 0 1 1 1 0 0 0 1 0 0 0/0 21:57 5:10 0:00
Johnny Gaudreau 1 0 1 0 2 3 0 0 0 0 0/0 20:23 4:07 0:00
Kirill Kaprizov 0 2 2 0 0 3 3 0 2 0 0/0 24:03 5:14 0:09
Logan Couture 0 0 0 0 0 3 1 3 0 0 6/18 21:02 4:07 3:14
Michael Matheson 0 1 1 0 2 2 2 3 0 0 0/0 19:36 4:11 0:00
Moritz Seider 0 0 0 -1 0 3 0 3 0 1 0/0 25:25 4:11 3:07
Roope Hintz 1 1 2 -1 0 6 3 1 0 0 3/8 19:36 5:14 0:00
Ryan Graves 0 0 0 0 0 0 0 1 0 0 0/0 15:14 0:00 3:07
Tomas Hertl 0 0 0 0 0 1 1 0 0 0 1/2 5:10 0:00 0:00
Travis Konecny 0 0 0 0 2 7 1 0 1 0 1/2 18:08 4:07 0:00
Trevor Moore 0 0 0 0 2 0 0 0 0 1 1/2 12:17 0:00 2:47
Tyler Toffoli 1 0 1 1 0 1 0 0 2 0 0/0 5:26 0:00 0:00
Vladislav Gavrikov 0 0 0 0 0 0 0 2 0 0 0/0 14:51 0:00 3:14
3 Stars
1 - William Nylander (ANA)
2 - Anze Kopitar (TBL)
3 - John Tavares (ANA)
Power Play
Anaheim Ducks - 1 on 4 Attempt(s) - 25.00%
Tampa Bay Lightning - 2 on 6 Attempt(s) - 33.33%
Penalty Kill
Anaheim Ducks - 4 on 6 Attempt(s) - 66.67%
- Score 0 goal in Penalty Kill
Tampa Bay Lightning - 3 on 4 Attempt(s) - 75.00%
- Score 0 goal in Penalty Kill
Team Stat
Anaheim Ducks - Hits : 24 - Faceoff Wins : 41 - Blocked Shots : 14 - Penalty Minutes : 12
Tampa Bay Lightning - Hits : 18 - Faceoff Wins : 30 - Blocked Shots : 15 - Penalty Minutes : 8
Official
Referees : Graham Skiliter and Dan O'Halloran
Linesman : Brandon Gawryletz and Tony Sericolo
Game Notes
No Game Note
Finance
Level 1 -- Attendance: 6000 (100.00%) -- Ticket Income $570,000
Level 2 -- Attendance: 5000 (100.00%) -- Ticket Income $275,000
Level 3 -- Attendance: 3000 (100.00%) -- Ticket Income $96,000
Level 4 -- Attendance: 5000 (100.00%) -- Ticket Income $110,000
Luxury Box -- Attendance: 1000 (100.00%) -- Ticket Income $193,000
Game was played at the Tampa Bay Times Forum.
Total Attendance: 20000 (100.00%)
Total Ticket Income: $1,244,000
Other Income: $435,400
Total Income: $1,679,400
Anaheim Ducks
5 vs 5 Forward
Center Left Wing Right Wing Time % Phy DF OF
1 John Tavares William Nylander Mark Scheifele 38 1 2 2
2 Chandler Stephenson Max Domi Brayden Schenn 32 1 2 2
3 Nazem Kadri Teuvo Teravainen Alex Killorn 20 1 2 2
4 J.T. Compher Calle Jarnkrok Mason Marchment 10 1 2 2
5 vs 5 Defense
Defense Defense Time % Phy DF OF
1 Esa Lindell Joshua Morrissey 35 1 2 2
2 Ivan Provorov Morgan Rielly 35 1 2 2
3 Brenden Dillon Josh Manson 30 1 2 2
4 Esa Lindell Joshua Morrissey 0 1 2 2
PowerPlay Forward
Center Left Wing Right Wing Time % Phy DF OF
1 John Tavares William Nylander Mark Scheifele 60 1 1 3
2 Chandler Stephenson Max Domi Brayden Schenn 40 0 1 4
PowerPlay Defense
Defense Defense Time % Phy DF OF
1 Morgan Rielly Joshua Morrissey 60 1 2 2
2 Josh Manson Esa Lindell 40 1 2 2
Penalty Kill 4 Players Forward
Center Wing Time % Phy DF OF
1 J.T. Compher Alex Killorn 55 1 3 1
2 Chandler Stephenson Teuvo Teravainen 45 1 3 1
Penalty Kill 4 Players Defense
Defense Defense Time % Phy DF OF
1 Esa Lindell Josh Manson 50 1 3 1
2 Brenden Dillon Ivan Provorov 50 1 3 1
Penalty Kill - 3 Players Forward
Forward Time % Phy DF OF
1 Alex Killorn 50 1 3 1
2 J.T. Compher 50 1 3 1
Penalty Kill - 3 Players Defense
Defense Defense Time % Phy DF OF
1 Esa Lindell Josh Manson 50 1 3 1
2 Ivan Provorov Brenden Dillon 50 1 3 1
4 vs 4 Forward
Center Wing Time % Phy DF OF
1 John Tavares William Nylander 60 1 2 2
2 Chandler Stephenson Mark Scheifele 40 1 2 2
4 vs 4 Defense
Defense Defense Time % Phy DF OF
1 Esa Lindell Morgan Rielly 50 1 2 2
2 Ivan Provorov Joshua Morrissey 50 1 2 2
Last Minutes Offensive
Center Left Wing Right Wing Defense Defense
John Tavares William Nylander Mark Scheifele Joshua Morrissey Morgan Rielly
Last Minutes Defensive
Center Left Wing Right Wing Defense Defense
Chandler Stephenson Alex Killorn J.T. Compher Ivan Provorov Esa Lindell
Goaltenders
Starting : Linus Ullmark
Backup : James Reimer
Extra Forwards
Normal : William Nylander, Mark Scheifele, John Tavares - PP : William Nylander, Mark Scheifele - PK : Alex Killorn
Extra Defensemen
Normal : Morgan Rielly, Brenden Dillon, Esa Lindell - PP : Joshua Morrissey - PK : Esa Lindell, Josh Manson
Penalty Shots
Brenden Dillon, Teuvo Teravainen, Mark Scheifele, Calle Jarnkrok, Alex Killorn
Tampa Bay Lightning
5 vs 5 Forward
Center Left Wing Right Wing Time % Phy DF OF
1 Anze Kopitar Johnny Gaudreau Kirill Kaprizov 40 0 1 4
2 Logan Couture Dylan Cozens Travis Konecny 35 0 1 4
3 Roope Hintz Trevor Moore Gustav Nyquist 20 0 3 2
4 Tomas Hertl Roope Hintz Tyler Toffoli 5 0 3 2
5 vs 5 Defense
Defense Defense Time % Phy DF OF
1 Darnell Nurse Moritz Seider 40 1 3 1
2 Michael Matheson Hampus Lindholm 35 1 3 1
3 Vladislav Gavrikov Ryan Graves 25 1 3 1
4 Darnell Nurse Hampus Lindholm 0 1 3 1
PowerPlay Forward
Center Left Wing Right Wing Time % Phy DF OF
1 Logan Couture Johnny Gaudreau Travis Konecny 50 0 0 5
2 Anze Kopitar Roope Hintz Kirill Kaprizov 50 0 0 5
PowerPlay Defense
Defense Defense Time % Phy DF OF
1 Moritz Seider Michael Matheson 50 0 2 3
2 Darnell Nurse Hampus Lindholm 50 0 2 3
Penalty Kill 4 Players Forward
Center Wing Time % Phy DF OF
1 Logan Couture Gustav Nyquist 50 1 4 0
2 Dylan Cozens Trevor Moore 50 1 4 0
Penalty Kill 4 Players Defense
Defense Defense Time % Phy DF OF
1 Vladislav Gavrikov Darnell Nurse 50 1 4 0
2 Ryan Graves Moritz Seider 50 1 4 0
Penalty Kill - 3 Players Forward
Forward Time % Phy DF OF
1 Anze Kopitar 50 1 4 0
2 Logan Couture 50 1 4 0
Penalty Kill - 3 Players Defense
Defense Defense Time % Phy DF OF
1 Vladislav Gavrikov Darnell Nurse 50 1 4 0
2 Ryan Graves Moritz Seider 50 1 4 0
4 vs 4 Forward
Center Wing Time % Phy DF OF
1 Anze Kopitar Dylan Cozens 50 0 3 2
2 Logan Couture Tomas Hertl 50 0 3 2
4 vs 4 Defense
Defense Defense Time % Phy DF OF
1 Darnell Nurse Hampus Lindholm 50 1 3 1
2 Moritz Seider Michael Matheson 50 1 3 1
Last Minutes Offensive
Center Left Wing Right Wing Defense Defense
Anze Kopitar Kirill Kaprizov Travis Konecny Darnell Nurse Hampus Lindholm
Last Minutes Defensive
Center Left Wing Right Wing Defense Defense
Anze Kopitar Kirill Kaprizov Travis Konecny Darnell Nurse Hampus Lindholm
Goaltenders
Starting : Filip Gustavsson
Backup : Jeremy Swayman
Extra Forwards
Normal : Dylan Cozens, Trevor Moore, Roope Hintz - PP : Dylan Cozens, Tyler Toffoli - PK : Anze Kopitar
Extra Defensemen
Normal : Moritz Seider, Darnell Nurse, Michael Matheson - PP : Ryan Graves - PK : Hampus Lindholm, Darnell Nurse
Penalty Shots
Gustav Nyquist, Kirill Kaprizov, Logan Couture, Trevor Moore, Anze Kopitar
% Time on Ice - Anaheim Ducks
Lines # - Real PCT - Wanted PCT - Time Play
Normal Forward
1 - 31% - 38% - 14:33
2 - 32% - 32% - 14:41
3 - 19% - 20% - 8:49
4 - 18% - 10% - 8:33
Normal Defense
1 - 35% - 35% - 16:31
2 - 35% - 35% - 16:21
3 - 29% - 30% - 13:24
4 - 1% - 0% - 0:20
PP Forward
1 - 61% - 60% - 3:52
2 - 39% - 40% - 2:29
PP Defense
1 - 62% - 60% - 3:55
2 - 38% - 40% - 2:26
PK Forward
1 - 63% - 55% - 5:54
2 - 37% - 45% - 3:27
PK Defense
1 - 51% - 50% - 4:44
2 - 49% - 50% - 4:37
PK3 Forward
1 - 0% - 50%
2 - 0% - 50%
PK3 Defense
1 - 0% - 50%
2 - 0% - 50%
44 Forward
1 - 0% - 60%
2 - 0% - 40%
44 Defense
1 - 0% - 50%
2 - 0% - 50%
Last Minute Offensive - 0:00
Last Minute Defensive - 0:00
Total
Forward - 62:18
Defense - 62:18
|
% Time on Ice - Tampa Bay Lightning
Lines # - Real PCT - Wanted PCT - Time Play
Normal Forward
1 - 36% - 40% - 16:35
2 - 36% - 35% - 17:00
3 - 17% - 20% - 7:51
4 - 11% - 5% - 5:10
Normal Defense
1 - 36% - 40% - 16:45
2 - 35% - 35% - 16:09
3 - 24% - 25% - 11:15
4 - 5% - 0% - 2:27
PP Forward
1 - 44% - 50% - 4:07
2 - 56% - 50% - 5:14
PP Defense
1 - 45% - 50% - 4:11
2 - 55% - 50% - 5:10
PK Forward
1 - 51% - 50% - 3:14
2 - 49% - 50% - 3:07
PK Defense
1 - 51% - 50% - 3:14
2 - 49% - 50% - 3:07
PK3 Forward
1 - 0% - 50%
2 - 0% - 50%
PK3 Defense
1 - 0% - 50%
2 - 0% - 50%
44 Forward
1 - 0% - 50%
2 - 0% - 50%
44 Defense
1 - 0% - 50%
2 - 0% - 50%
Last Minute Offensive - 0:00
Last Minute Defensive - 0:00
Total
Forward - 62:18
Defense - 62:18
|
Play-by-Play
1st period
0:01 of 1st period - Anze Kopitar wins face-off versus John Tavares in neutral zone.
0:06 of 1st period - William Nylander is hit by Darnell Nurse and loses puck.
0:27 of 1st period - Esa Lindell is hit by Dylan Cozens and loses puck.
2:02 of 1st period - Ivan Provorov is hit by Kirill Kaprizov and loses puck.
3:06 of 1st period - Snap shot by Travis Konecny.
3:06 of 1st period - Stopped by Linus Ullmark without a rebound.
3:07 of 1st period - Chandler Stephenson wins face-off versus Anze Kopitar in Anaheim Ducks zone.
3:34 of 1st period - John Tavares is hit by Darnell Nurse and loses puck.
3:51 of 1st period - Snap shot by Roope Hintz.
3:51 of 1st period - Stopped by Linus Ullmark without a rebound.
3:52 of 1st period - Roope Hintz wins face-off versus Nazem Kadri in Anaheim Ducks zone.
4:01 of 1st period - Michael Matheson is hit by Nazem Kadri and loses puck.
4:15 of 1st period - Icing by Josh Manson.
4:16 of 1st period - John Tavares wins face-off versus Anze Kopitar in Anaheim Ducks zone.
4:16 of 1st period - John Tavares is hit by Anze Kopitar.
4:53 of 1st period - Backhand shot by Morgan Rielly.
4:53 of 1st period - Shot Blocked by Logan Couture.
5:03 of 1st period - Ryan Graves is hit by Nazem Kadri and loses puck.
5:20 of 1st period - Wrist shot by Travis Konecny.
5:20 of 1st period - Shot Misses the Net.
5:22 of 1st period - Slapshot by Ryan Graves.
5:22 of 1st period - Shot Blocked by J.T. Compher.
5:24 of 1st period - Slapshot by Ryan Graves.
5:24 of 1st period - Deflect By Travis Konecny.
5:24 of 1st period - Shot Misses the Net.
5:24 of 1st period - Puck is out of play.
5:25 of 1st period - J.T. Compher wins face-off versus Anze Kopitar in Anaheim Ducks zone.
5:32 of 1st period - Backhand shot by J.T. Compher.
5:32 of 1st period - Stopped by Filip Gustavsson with a rebound.
5:34 of 1st period - Slapshot by Brenden Dillon.
5:34 of 1st period - Shot Misses the Net.
5:36 of 1st period - Slapshot by Brenden Dillon.
5:36 of 1st period - Stopped by Filip Gustavsson with a rebound.
5:38 of 1st period - Slapshot by Josh Manson.
5:38 of 1st period - Stopped by Filip Gustavsson with a rebound.
5:59 of 1st period - Snap shot by John Tavares.
5:59 of 1st period - Shot Misses the Net.
6:01 of 1st period - Snap shot by John Tavares.
6:01 of 1st period - Stopped by Filip Gustavsson without a rebound.
6:02 of 1st period - Brayden Schenn wins face-off versus Tomas Hertl in Tampa Bay Lightning zone.
7:17 of 1st period - Wrist shot by Roope Hintz.
7:17 of 1st period - Shot Blocked by Josh Manson.
7:19 of 1st period - Wrist shot by Roope Hintz.
7:19 of 1st period - Deflect By Trevor Moore.
7:19 of 1st period - Shot Blocked by Brenden Dillon.
7:19 of 1st period - Puck is out of play.
7:20 of 1st period - John Tavares wins face-off versus Roope Hintz in Anaheim Ducks zone.
7:36 of 1st period - Backhand shot by Esa Lindell.
7:36 of 1st period - Stopped by Filip Gustavsson without a rebound.
7:37 of 1st period - Chandler Stephenson wins face-off versus Anze Kopitar in Tampa Bay Lightning zone.
8:27 of 1st period - Wrist shot by Travis Konecny.
8:27 of 1st period - Stopped by Linus Ullmark with a rebound.
8:29 of 1st period - Snap shot by Darnell Nurse.
8:29 of 1st period - Shot Blocked by Ivan Provorov.
8:31 of 1st period - Slapshot by Darnell Nurse.
8:31 of 1st period - Shot Blocked by Mark Scheifele.
8:33 of 1st period - Wrist shot by Moritz Seider.
8:33 of 1st period - Stopped by Linus Ullmark with a rebound.
8:35 of 1st period - Snap shot by Dylan Cozens.
8:35 of 1st period - Shot Misses the Net.
8:37 of 1st period - Slapshot by Darnell Nurse.
8:37 of 1st period - Shot Blocked by Morgan Rielly.
8:43 of 1st period - Minor Penalty to John Tavares for Tripping.
8:44 of 1st period - J.T. Compher wins face-off versus Logan Couture in Anaheim Ducks zone.
8:44 of 1st period - J.T. Compher is hit by Logan Couture.
8:52 of 1st period - Slapshot by J.T. Compher.
8:52 of 1st period - Deflect By Alex Killorn.
8:52 of 1st period - Shot Misses the Net.
8:52 of 1st period - Puck is out of play.
8:53 of 1st period - J.T. Compher wins face-off versus Logan Couture in Tampa Bay Lightning zone.
8:58 of 1st period - Backhand shot by Alex Killorn.
8:58 of 1st period - Stopped by Filip Gustavsson without a rebound.
8:59 of 1st period - J.T. Compher wins face-off versus Anze Kopitar in Tampa Bay Lightning zone.
9:10 of 1st period - Wrist shot by Kirill Kaprizov.
9:10 of 1st period - Deflect By Ivan Provorov.
9:10 of 1st period - Shot Misses the Net.
9:10 of 1st period - Puck is out of play.
9:11 of 1st period - Anze Kopitar wins face-off versus J.T. Compher in Anaheim Ducks zone.
9:39 of 1st period - Icing by Logan Couture.
9:40 of 1st period - Chandler Stephenson wins face-off versus Logan Couture in Tampa Bay Lightning zone.
9:59 of 1st period - Snap shot by Johnny Gaudreau.
9:59 of 1st period - Stopped by Linus Ullmark without a rebound.
10:00 of 1st period - Anze Kopitar wins face-off versus J.T. Compher in Anaheim Ducks zone.
10:43 of 1st period - Penalty to John Tavares is over, John Tavares is back on ice.
11:38 of 1st period - Slapshot by Nazem Kadri.
11:38 of 1st period - Deflect By Tyler Toffoli.
11:38 of 1st period - Stopped by Filip Gustavsson with a rebound.
12:08 of 1st period - Darnell Nurse is hit by Joshua Morrissey and loses puck.
12:28 of 1st period - Snap shot by Brayden Schenn.
12:28 of 1st period - Stopped by Filip Gustavsson without a rebound.
12:29 of 1st period - Dylan Cozens wins face-off versus John Tavares in Tampa Bay Lightning zone.
13:02 of 1st period - Slapshot by Kirill Kaprizov.
13:02 of 1st period - Shot Blocked by Morgan Rielly.
13:04 of 1st period - Slapshot by Michael Matheson.
13:04 of 1st period - Stopped by Linus Ullmark without a rebound.
13:05 of 1st period - Anze Kopitar wins face-off versus John Tavares in Anaheim Ducks zone.
13:20 of 1st period - Snap shot by Johnny Gaudreau.
13:20 of 1st period - Shot Misses the Net.
13:22 of 1st period - Snap shot by Anze Kopitar.
13:22 of 1st period - Shot Blocked by Mark Scheifele.
13:39 of 1st period - Moritz Seider is hit by Chandler Stephenson and loses puck.
14:24 of 1st period - Snap shot by Alex Killorn.
14:24 of 1st period - Deflect By Nazem Kadri.
14:24 of 1st period - Shot Misses the Net.
14:24 of 1st period - Puck is out of play.
14:25 of 1st period - Logan Couture wins face-off versus Nazem Kadri in Tampa Bay Lightning zone.
14:38 of 1st period - Snap shot by Travis Konecny.
14:38 of 1st period - Stopped by Linus Ullmark with a rebound.
14:40 of 1st period - Snap shot by Logan Couture.
14:40 of 1st period - Stopped by Linus Ullmark with a rebound.
14:52 of 1st period - John Tavares is hit by Michael Matheson and loses puck.
16:15 of 1st period - Johnny Gaudreau is hit by Morgan Rielly and loses puck.
16:40 of 1st period - Slapshot by Mason Marchment.
16:40 of 1st period - Stopped by Filip Gustavsson with a rebound.
17:51 of 1st period - Esa Lindell is hit by Tomas Hertl and loses puck.
18:02 of 1st period - Travis Konecny is hit by Esa Lindell and loses puck.
18:19 of 1st period - Snap shot by J.T. Compher.
18:19 of 1st period - Shot Misses the Net.
18:22 of 1st period - Icing by Darnell Nurse.
18:23 of 1st period - Anze Kopitar wins face-off versus Chandler Stephenson in Tampa Bay Lightning zone.
18:53 of 1st period - Snap shot by Dylan Cozens.
18:53 of 1st period - Stopped by Linus Ullmark with a rebound.
19:05 of 1st period - Roope Hintz is hit by John Tavares.
19:31 of 1st period - Minor Penalty to Josh Manson for Hooking.
19:32 of 1st period - J.T. Compher wins face-off versus Anze Kopitar in Anaheim Ducks zone.
Goals for this period are 0 for Anaheim Ducks vs 0 for Tampa Bay Lightning.
Shots for this period are 9 for Anaheim Ducks vs 9 for Tampa Bay Lightning.
2nd period
0:01 of 2nd period - J.T. Compher wins face-off versus Logan Couture in neutral zone.
0:08 of 2nd period - Snap shot by J.T. Compher.
0:08 of 2nd period - Shot Blocked by Moritz Seider.
0:10 of 2nd period - Slapshot by Alex Killorn.
0:10 of 2nd period - Shot Misses the Net.
0:12 of 2nd period - Wrist shot by Alex Killorn.
0:12 of 2nd period - Deflect By Michael Matheson.
0:12 of 2nd period - Stopped by Filip Gustavsson with a rebound.
1:31 of 2nd period - Penalty to Josh Manson is over, Josh Manson is back on ice.
1:41 of 2nd period - Slapshot by William Nylander.
1:41 of 2nd period - Stopped by Filip Gustavsson with a rebound.
1:43 of 2nd period - Slapshot by Mark Scheifele.
1:43 of 2nd period - Shot Blocked by Moritz Seider.
2:38 of 2nd period - Tomas Hertl is hit by Mason Marchment and loses puck.
2:43 of 2nd period - Snap shot by Calle Jarnkrok.
2:43 of 2nd period - Shot Blocked by Vladislav Gavrikov.
2:55 of 2nd period - Snap shot by Tomas Hertl.
2:55 of 2nd period - Stopped by Linus Ullmark without a rebound.
2:56 of 2nd period - Anze Kopitar wins face-off versus Nazem Kadri in Anaheim Ducks zone.
4:37 of 2nd period - Wrist shot by Johnny Gaudreau.
4:37 of 2nd period - Goal by Johnny Gaudreau - Anaheim Ducks : 0 - Tampa Bay Lightning : 1.
4:38 of 2nd period - John Tavares wins face-off versus Travis Konecny in neutral zone.
4:57 of 2nd period - Ivan Provorov is hit by Travis Konecny and loses puck.
5:30 of 2nd period - Ivan Provorov is hit by Roope Hintz and loses puck.
6:19 of 2nd period - Travis Konecny is hit by Josh Manson and loses puck.
6:39 of 2nd period - Icing by Tyler Toffoli.
6:40 of 2nd period - Roope Hintz wins face-off versus John Tavares in Tampa Bay Lightning zone.
7:07 of 2nd period - Wrist shot by Chandler Stephenson.
7:07 of 2nd period - Shot Misses the Net.
7:45 of 2nd period - Gustav Nyquist is hit by Morgan Rielly and loses puck.
7:54 of 2nd period - Slapshot by John Tavares.
7:54 of 2nd period - Deflect By William Nylander.
7:54 of 2nd period - Shot Blocked by Ryan Graves.
7:54 of 2nd period - Puck is out of play.
7:55 of 2nd period - Chandler Stephenson wins face-off versus Anze Kopitar in Tampa Bay Lightning zone.
8:02 of 2nd period - Snap shot by Chandler Stephenson.
8:02 of 2nd period - Shot Misses the Net.
8:23 of 2nd period - William Nylander is hit by Darnell Nurse and loses puck.
8:28 of 2nd period - Snap shot by William Nylander.
8:28 of 2nd period - Shot Misses the Net.
8:30 of 2nd period - Backhand shot by William Nylander.
8:30 of 2nd period - Deflect By John Tavares.
8:30 of 2nd period - Stopped by Filip Gustavsson with a rebound.
8:32 of 2nd period - Slapshot by Esa Lindell.
8:32 of 2nd period - Shot Misses the Net.
8:34 of 2nd period - Wrist shot by Mark Scheifele.
8:34 of 2nd period - Shot Misses the Net.
8:51 of 2nd period - Off-side.
8:52 of 2nd period - Chandler Stephenson wins face-off versus Roope Hintz in neutral zone.
8:57 of 2nd period - Slapshot by Gustav Nyquist.
8:57 of 2nd period - Shot Misses the Net.
8:59 of 2nd period - Minor Penalty to Max Domi for Boarding.
9:00 of 2nd period - J.T. Compher wins face-off versus Logan Couture in Anaheim Ducks zone.
9:11 of 2nd period - Wrist shot by Johnny Gaudreau.
9:11 of 2nd period - Deflect By Travis Konecny.
9:11 of 2nd period - Shot Blocked by Esa Lindell.
9:11 of 2nd period - Puck is out of play.
9:12 of 2nd period - J.T. Compher wins face-off versus Logan Couture in Anaheim Ducks zone.
9:41 of 2nd period - Anze Kopitar is hit by Chandler Stephenson.
9:45 of 2nd period - Slapshot by Anze Kopitar.
9:45 of 2nd period - Shot Misses the Net.
9:47 of 2nd period - Wrist shot by Moritz Seider.
9:47 of 2nd period - Stopped by Linus Ullmark without a rebound.
9:48 of 2nd period - Travis Konecny wins face-off versus J.T. Compher in Anaheim Ducks zone.
10:19 of 2nd period - Snap shot by Roope Hintz.
10:19 of 2nd period - Stopped by Linus Ullmark without a rebound.
10:20 of 2nd period - Chandler Stephenson wins face-off versus Roope Hintz in Anaheim Ducks zone.
10:59 of 2nd period - Penalty to Max Domi is over, Max Domi is back on ice.
11:14 of 2nd period - Wrist shot by William Nylander.
11:14 of 2nd period - Shot Misses the Net.
11:48 of 2nd period - Snap shot by Logan Couture.
11:48 of 2nd period - Stopped by Linus Ullmark without a rebound.
11:49 of 2nd period - Anze Kopitar wins face-off versus J.T. Compher in Anaheim Ducks zone.
11:53 of 2nd period - Minor Penalty to Mason Marchment for High sticking.
11:54 of 2nd period - Anze Kopitar wins face-off versus J.T. Compher in Anaheim Ducks zone.
12:00 of 2nd period - Slapshot by Roope Hintz.
12:00 of 2nd period - Goal by Roope Hintz - Anaheim Ducks : 0 - Tampa Bay Lightning : 2.
12:01 of 2nd period - John Tavares wins face-off versus Anze Kopitar in neutral zone.
12:24 of 2nd period - Minor Penalty to Michael Matheson for Cross-checking.
12:25 of 2nd period - John Tavares wins face-off versus Logan Couture in Tampa Bay Lightning zone.
13:01 of 2nd period - Wrist shot by Brayden Schenn.
13:01 of 2nd period - Shot Blocked by Logan Couture.
14:24 of 2nd period - Penalty to Michael Matheson is over, Michael Matheson is back on ice.
14:26 of 2nd period - Wrist shot by Kirill Kaprizov.
14:26 of 2nd period - Stopped by Linus Ullmark with a rebound.
14:46 of 2nd period - Slapshot by Hampus Lindholm.
14:46 of 2nd period - Shot Misses the Net.
14:52 of 2nd period - Calle Jarnkrok is hit by Michael Matheson and loses puck.
14:59 of 2nd period - Calle Jarnkrok is hit by Anze Kopitar and loses puck.
15:21 of 2nd period - Snap shot by Roope Hintz.
15:21 of 2nd period - Shot Misses the Net.
15:53 of 2nd period - Esa Lindell is hit by Roope Hintz and loses puck.
16:15 of 2nd period - Moritz Seider is hit by Mason Marchment and loses puck.
16:59 of 2nd period - Darnell Nurse is hit by J.T. Compher and loses puck.
17:14 of 2nd period - Slapshot by Kirill Kaprizov.
17:14 of 2nd period - Deflect By Roope Hintz.
17:14 of 2nd period - Stopped by Linus Ullmark without a rebound.
17:15 of 2nd period - John Tavares wins face-off versus Logan Couture in Anaheim Ducks zone.
17:20 of 2nd period - Slapshot by John Tavares.
17:20 of 2nd period - Stopped by Filip Gustavsson with a rebound.
17:26 of 2nd period - Mark Scheifele is hit by Dylan Cozens and loses puck.
17:53 of 2nd period - Off-side.
17:54 of 2nd period - Nazem Kadri wins face-off versus Trevor Moore in neutral zone.
18:07 of 2nd period - Snap shot by Tyler Toffoli.
18:07 of 2nd period - Goal by Tyler Toffoli - Anaheim Ducks : 0 - Tampa Bay Lightning : 3.
18:08 of 2nd period - Logan Couture wins face-off versus John Tavares in neutral zone.
18:17 of 2nd period - Darnell Nurse is hit by Mark Scheifele and loses puck.
18:34 of 2nd period - Moritz Seider is hit by Nazem Kadri and loses puck.
18:39 of 2nd period - Wrist shot by Alex Killorn.
18:39 of 2nd period - Stopped by Filip Gustavsson without a rebound.
18:40 of 2nd period - Nazem Kadri wins face-off versus Dylan Cozens in Tampa Bay Lightning zone.
18:43 of 2nd period - Slapshot by Alex Killorn.
18:43 of 2nd period - Shot Blocked by Michael Matheson.
18:45 of 2nd period - Snap shot by Teuvo Teravainen.
18:45 of 2nd period - Shot Misses the Net.
18:47 of 2nd period - Snap shot by Nazem Kadri.
18:47 of 2nd period - Shot Blocked by Hampus Lindholm.
18:49 of 2nd period - Slapshot by Brenden Dillon.
18:49 of 2nd period - Stopped by Filip Gustavsson without a rebound.
18:50 of 2nd period - Dylan Cozens wins face-off versus William Nylander in Tampa Bay Lightning zone.
18:50 of 2nd period - Dylan Cozens is hit by Ivan Provorov.
19:16 of 2nd period - Snap shot by Travis Konecny.
19:16 of 2nd period - Stopped by Linus Ullmark without a rebound.
19:17 of 2nd period - Tomas Hertl wins face-off versus Chandler Stephenson in Anaheim Ducks zone.
19:39 of 2nd period - Minor Penalty to Travis Konecny for Holding.
19:40 of 2nd period - William Nylander wins face-off versus Logan Couture in Tampa Bay Lightning zone.
19:53 of 2nd period - Snap shot by John Tavares.
19:53 of 2nd period - Shot Misses the Net.
19:55 of 2nd period - Snap shot by William Nylander.
19:55 of 2nd period - Stopped by Filip Gustavsson with a rebound.
19:57 of 2nd period - Wrist shot by William Nylander.
19:57 of 2nd period - Stopped by Filip Gustavsson with a rebound.
Goals for this period are 0 for Anaheim Ducks vs 3 for Tampa Bay Lightning.
Shots for this period are 8 for Anaheim Ducks vs 10 for Tampa Bay Lightning.
3rd period
0:01 of 3rd period - Mark Scheifele wins face-off versus Logan Couture in neutral zone.
1:39 of 3rd period - Penalty to Travis Konecny is over, Travis Konecny is back on ice.
1:45 of 3rd period - Johnny Gaudreau is hit by Chandler Stephenson and loses puck.
2:20 of 3rd period - Kirill Kaprizov is hit by J.T. Compher and loses puck.
2:27 of 3rd period - Wrist shot by J.T. Compher.
2:27 of 3rd period - Shot Misses the Net.
3:35 of 3rd period - Hampus Lindholm is hit by Calle Jarnkrok and loses puck.
4:10 of 3rd period - William Nylander is hit by Roope Hintz and loses puck.
4:25 of 3rd period - Wrist shot by Brayden Schenn.
4:25 of 3rd period - Stopped by Filip Gustavsson with a rebound.
4:35 of 3rd period - Snap shot by Nazem Kadri.
4:35 of 3rd period - Stopped by Filip Gustavsson with a rebound.
4:39 of 3rd period - Wrist shot by Alex Killorn.
4:39 of 3rd period - Stopped by Filip Gustavsson without a rebound.
4:40 of 3rd period - Nazem Kadri wins face-off versus Gustav Nyquist in Tampa Bay Lightning zone.
4:47 of 3rd period - Wrist shot by Nazem Kadri.
4:47 of 3rd period - Shot Blocked by Michael Matheson.
4:49 of 3rd period - Wrist shot by Alex Killorn.
4:49 of 3rd period - Shot Blocked by Roope Hintz.
4:51 of 3rd period - Wrist shot by Teuvo Teravainen.
4:51 of 3rd period - Stopped by Filip Gustavsson with a rebound.
4:53 of 3rd period - Wrist shot by Nazem Kadri.
4:53 of 3rd period - Shot Misses the Net.
4:55 of 3rd period - Slapshot by Josh Manson.
4:55 of 3rd period - Shot Blocked by Vladislav Gavrikov.
5:18 of 3rd period - Slapshot by Michael Matheson.
5:18 of 3rd period - Deflect By Travis Konecny.
5:18 of 3rd period - Shot Misses the Net.
5:18 of 3rd period - Puck is out of play.
5:19 of 3rd period - Chandler Stephenson wins face-off versus Anze Kopitar in Anaheim Ducks zone.
5:56 of 3rd period - Wrist shot by John Tavares.
5:56 of 3rd period - Stopped by Filip Gustavsson with a rebound.
6:33 of 3rd period - Moritz Seider is hit by Mason Marchment and loses puck.
6:54 of 3rd period - Slapshot by Chandler Stephenson.
6:54 of 3rd period - Stopped by Filip Gustavsson without a rebound.
6:55 of 3rd period - John Tavares wins face-off versus Roope Hintz in Tampa Bay Lightning zone.
6:58 of 3rd period - Snap shot by John Tavares.
6:58 of 3rd period - Goal by John Tavares - Anaheim Ducks : 1 - Tampa Bay Lightning : 3.
6:59 of 3rd period - John Tavares wins face-off versus Anze Kopitar in neutral zone.
7:10 of 3rd period - Snap shot by Kirill Kaprizov.
7:10 of 3rd period - Shot Misses the Net.
7:31 of 3rd period - Wrist shot by Travis Konecny.
7:31 of 3rd period - Shot Misses the Net.
7:33 of 3rd period - Slapshot by Michael Matheson.
7:33 of 3rd period - Stopped by Linus Ullmark with a rebound.
7:37 of 3rd period - Slapshot by Logan Couture.
7:37 of 3rd period - Shot Misses the Net.
7:48 of 3rd period - Off-side.
7:49 of 3rd period - Nazem Kadri wins face-off versus Roope Hintz in neutral zone.
8:02 of 3rd period - Minor Penalty to Trevor Moore for High sticking.
8:03 of 3rd period - Dylan Cozens wins face-off versus John Tavares in Tampa Bay Lightning zone.
8:14 of 3rd period - Wrist shot by William Nylander.
8:14 of 3rd period - Shot Blocked by Logan Couture.
8:16 of 3rd period - Slapshot by Joshua Morrissey.
8:16 of 3rd period - Shot Misses the Net.
8:18 of 3rd period - Slapshot by Morgan Rielly.
8:18 of 3rd period - Stopped by Filip Gustavsson without a rebound.
8:19 of 3rd period - John Tavares wins face-off versus Dylan Cozens in Tampa Bay Lightning zone.
8:24 of 3rd period - Snap shot by William Nylander.
8:24 of 3rd period - Stopped by Filip Gustavsson without a rebound.
8:25 of 3rd period - John Tavares wins face-off versus Dylan Cozens in Tampa Bay Lightning zone.
8:26 of 3rd period - Slapshot by William Nylander.
8:26 of 3rd period - Goal by William Nylander - Anaheim Ducks : 2 - Tampa Bay Lightning : 3.
8:27 of 3rd period - John Tavares wins face-off versus Anze Kopitar in neutral zone.
8:40 of 3rd period - Mark Scheifele is hit by Kirill Kaprizov and loses puck.
9:02 of 3rd period - Snap shot by Travis Konecny.
9:02 of 3rd period - Stopped by Linus Ullmark without a rebound.
9:03 of 3rd period - Chandler Stephenson wins face-off versus Anze Kopitar in Anaheim Ducks zone.
9:03 of 3rd period - Chandler Stephenson is hit by Kirill Kaprizov.
9:11 of 3rd period - Wrist shot by Brayden Schenn.
9:11 of 3rd period - Shot Misses the Net.
9:13 of 3rd period - Wrist shot by Chandler Stephenson.
9:13 of 3rd period - Deflect By Max Domi.
9:13 of 3rd period - Shot Blocked by Michael Matheson.
9:13 of 3rd period - Puck is out of play.
9:14 of 3rd period - John Tavares wins face-off versus Anze Kopitar in Tampa Bay Lightning zone.
9:15 of 3rd period - Wrist shot by William Nylander.
9:15 of 3rd period - Shot Misses the Net.
9:22 of 3rd period - Slapshot by Darnell Nurse.
9:22 of 3rd period - Shot Hit the Post.
9:24 of 3rd period - Slapshot by Darnell Nurse.
9:24 of 3rd period - Shot Blocked by Josh Manson.
9:26 of 3rd period - Slapshot by Anze Kopitar.
9:26 of 3rd period - Shot Misses the Net.
9:28 of 3rd period - Slapshot by Darnell Nurse.
9:28 of 3rd period - Stopped by Linus Ullmark with a rebound.
9:30 of 3rd period - Snap shot by Darnell Nurse.
9:30 of 3rd period - Stopped by Linus Ullmark with a rebound.
9:47 of 3rd period - Icing by Josh Manson.
9:48 of 3rd period - Anze Kopitar wins face-off versus Chandler Stephenson in Anaheim Ducks zone.
10:03 of 3rd period - Michael Matheson is hit by Josh Manson and loses puck.
10:08 of 3rd period - Snap shot by Brayden Schenn.
10:08 of 3rd period - Shot Blocked by Anze Kopitar.
10:10 of 3rd period - Wrist shot by Brayden Schenn.
10:10 of 3rd period - Stopped by Filip Gustavsson without a rebound.
10:11 of 3rd period - John Tavares wins face-off versus Logan Couture in Tampa Bay Lightning zone.
10:22 of 3rd period - Snap shot by Darnell Nurse.
10:22 of 3rd period - Deflect By John Tavares.
10:22 of 3rd period - Stopped by Linus Ullmark without a rebound.
10:23 of 3rd period - Anze Kopitar wins face-off versus John Tavares in Anaheim Ducks zone.
10:55 of 3rd period - Slapshot by Brayden Schenn.
10:55 of 3rd period - Stopped by Filip Gustavsson with a rebound.
11:17 of 3rd period - Slapshot by Morgan Rielly.
11:17 of 3rd period - Stopped by Filip Gustavsson without a rebound.
11:18 of 3rd period - Anze Kopitar wins face-off versus Calle Jarnkrok in Tampa Bay Lightning zone.
11:25 of 3rd period - Slapshot by Mason Marchment.
11:25 of 3rd period - Stopped by Filip Gustavsson without a rebound.
11:26 of 3rd period - John Tavares wins face-off versus Anze Kopitar in Tampa Bay Lightning zone.
11:31 of 3rd period - Snap shot by John Tavares.
11:31 of 3rd period - Shot Blocked by Moritz Seider.
11:33 of 3rd period - Wrist shot by Mark Scheifele.
11:33 of 3rd period - Goal by Mark Scheifele - Anaheim Ducks : 3 - Tampa Bay Lightning : 3.
11:34 of 3rd period - Anze Kopitar wins face-off versus John Tavares in neutral zone.
11:39 of 3rd period - Snap shot by Kirill Kaprizov.
11:39 of 3rd period - Stopped by Linus Ullmark with a rebound.
11:41 of 3rd period - Slapshot by Moritz Seider.
11:41 of 3rd period - Stopped by Linus Ullmark with a rebound.
12:01 of 3rd period - Travis Konecny is hit by Max Domi and loses puck.
12:08 of 3rd period - Snap shot by Dylan Cozens.
12:08 of 3rd period - Shot Blocked by Chandler Stephenson.
12:14 of 3rd period - Slapshot by Max Domi.
12:14 of 3rd period - Stopped by Filip Gustavsson with a rebound.
13:11 of 3rd period - Snap shot by Tyler Toffoli.
13:11 of 3rd period - Shot Misses the Net.
13:13 of 3rd period - Slapshot by Ryan Graves.
13:13 of 3rd period - Deflect By Tyler Toffoli.
13:13 of 3rd period - Shot Blocked by William Nylander.
13:13 of 3rd period - Puck is out of play.
13:14 of 3rd period - Logan Couture wins face-off versus Chandler Stephenson in Anaheim Ducks zone.
13:17 of 3rd period - Snap shot by Travis Konecny.
13:17 of 3rd period - Stopped by Linus Ullmark without a rebound.
13:18 of 3rd period - Chandler Stephenson wins face-off versus Logan Couture in Anaheim Ducks zone.
14:03 of 3rd period - Snap shot by Travis Konecny.
14:03 of 3rd period - Stopped by Linus Ullmark without a rebound.
14:04 of 3rd period - John Tavares wins face-off versus Anze Kopitar in Anaheim Ducks zone.
14:27 of 3rd period - Minor Penalty to Johnny Gaudreau for Holding.
14:28 of 3rd period - Trevor Moore wins face-off versus John Tavares in Tampa Bay Lightning zone.
16:27 of 3rd period - Penalty to Johnny Gaudreau is over, Johnny Gaudreau is back on ice.
16:44 of 3rd period - Minor Penalty to Joshua Morrissey for Hooking.
16:45 of 3rd period - Anze Kopitar wins face-off versus J.T. Compher in Anaheim Ducks zone.
16:51 of 3rd period - Wrist shot by Roope Hintz.
16:51 of 3rd period - Stopped by Linus Ullmark without a rebound.
16:52 of 3rd period - Anze Kopitar wins face-off versus Alex Killorn in Anaheim Ducks zone.
16:55 of 3rd period - Snap shot by Kirill Kaprizov.
16:55 of 3rd period - Shot Blocked by Alex Killorn.
16:57 of 3rd period - Wrist shot by Anze Kopitar.
16:57 of 3rd period - Shot Misses the Net.
17:03 of 3rd period - Wrist shot by Roope Hintz.
17:03 of 3rd period - Stopped by Linus Ullmark with a rebound.
17:05 of 3rd period - Snap shot by Roope Hintz.
17:05 of 3rd period - Shot Blocked by Brenden Dillon.
17:07 of 3rd period - Wrist shot by Kirill Kaprizov.
17:07 of 3rd period - Stopped by Linus Ullmark without a rebound.
17:08 of 3rd period - Logan Couture wins face-off versus J.T. Compher in Anaheim Ducks zone.
17:09 of 3rd period - Wrist shot by Johnny Gaudreau.
17:09 of 3rd period - Stopped by Linus Ullmark without a rebound.
17:10 of 3rd period - Logan Couture wins face-off versus J.T. Compher in Anaheim Ducks zone.
17:39 of 3rd period - Hampus Lindholm is hit by Esa Lindell and loses puck.
18:44 of 3rd period - Penalty to Joshua Morrissey is over, Joshua Morrissey is back on ice.
19:22 of 3rd period - Backhand shot by Max Domi.
19:22 of 3rd period - Shot Misses the Net.
19:36 of 3rd period - Ryan Graves is hit by Max Domi.
Goals for this period are 3 for Anaheim Ducks vs 0 for Tampa Bay Lightning.
Shots for this period are 16 for Anaheim Ducks vs 13 for Tampa Bay Lightning.
Overtime #1
0:01 of 1st overtime period - Anze Kopitar wins face-off versus John Tavares in neutral zone.
0:14 of 1st overtime period - Wrist shot by Kirill Kaprizov.
0:14 of 1st overtime period - Deflect By Joshua Morrissey.
0:14 of 1st overtime period - Shot Misses the Net.
0:14 of 1st overtime period - Puck is out of play.
0:15 of 1st overtime period - John Tavares wins face-off versus Anze Kopitar in Anaheim Ducks zone.
0:54 of 1st overtime period - Slapshot by Logan Couture.
0:54 of 1st overtime period - Stopped by Linus Ullmark without a rebound.
0:55 of 1st overtime period - Roope Hintz wins face-off versus Max Domi in Anaheim Ducks zone.
0:59 of 1st overtime period - Minor Penalty to Brayden Schenn for Hooking.
1:00 of 1st overtime period - Logan Couture wins face-off versus J.T. Compher in Anaheim Ducks zone.
1:27 of 1st overtime period - Icing by Hampus Lindholm.
1:28 of 1st overtime period - Chandler Stephenson wins face-off versus Anze Kopitar in Tampa Bay Lightning zone.
2:18 of 1st overtime period - Snap shot by Anze Kopitar.
2:18 of 1st overtime period - Goal by Anze Kopitar - Anaheim Ducks : 3 - Tampa Bay Lightning : 4.
Goals for this period are 0 for Anaheim Ducks vs 1 for Tampa Bay Lightning.
Shots for this period are 0 for Anaheim Ducks vs 2 for Tampa Bay Lightning.
Back to the Top